woodfighter, lawful female dwarven Priestess @ woodfighter the Adept Experience level: 9 Strength: 18 Dexterity: 13 Constitution: 18 Intelligence: 17 Wisdom: 9 Charisma: 10 Health: 0(73) Energy: 56(56) Def: 19 Gold: 444 Moves: 14645 Dungeon seed: ROMlp7TPDPR5nQGX Game ID: woodfighter_1547318636 Your Inventory: Coins $ - 444 gold pieces Amulets L - an amulet of reflection (being worn) Weapons a - a blessed thoroughly corroded +1 mace (weapon in hand) b - 5 +0 dwarvish spears (in quiver) T - a blessed +1 dwarvish spear Armor e - a blessed burnt +0 robe (being worn) m - a blessed +0 Uruk-hai shield (being worn) q - a burnt +0 pair of speed boots (being worn) r - a +0 Hawaiian shirt (being worn) z - a blessed +1 orcish helm (being worn) I - a blessed greased +3 gray dragon scale mail (being worn) Comestibles c - a clove of garlic o - 4 food rations p - a sprig of wolfsbane K - a magic bean V - 2 tripe rations Z - a lizard corpse Scrolls R - a cursed scroll of remove curse Rings W - a blessed +1 ring of protection (on left hand) Wands d - a wand of sleep (0:0) f - a wand of teleportation (0:6) g - a wand of digging (0:7) Tools s - a blessed bag of holding w - a cursed magic whistle x - a +0 pick-axe y - a skeleton key H - a blessed oil lamp (0:535) S - a towel Gems B - a luckstone Contents of the bag of holding: 1213 gold pieces a [+0] mummy wrapping 3 eggs a lizard corpse 4 lumps of royal jelly a scroll of blank paper a scroll of enchant armor a scroll of enchant weapon a cursed scroll of identify a cursed scroll of teleportation a spellbook of detect monsters a spellbook of force bolt a potion of extra healing a potion of invisibility a potion of restore ability a potion of see invisible a potion of sickness a ring of poison resistance a ring of shock resistance Spells and supernatural/magical abilities: Name Level Category Fail Memory h - healing 1 healing 55% 27% n - detect monsters 1 divination 60% 27% p - protection 1 clerical 60% 27% W - pray for help -- divine ? -- X - turn undead -- divine ? -- Your skills at the end: Miscellaneous Skills shield [Skilled] wands [Basic] Weapon Skills pick-axe [Basic] mace [Skilled] spear [Basic] Spellcasting Skills clerical spells [Basic] Final Attributes: You were piously aligned. You were fire resistant. You were cold resistant. You were poison resistant. You were magic-protected. You were telepathic. You had infravision. You were invisible. You were swallowed by an air elemental. You were protected. You were very fast. You had reflection. You were lucky. You had extra luck. Bad luck did not time out for you. Good luck did not time out for you. You are dead. Vanquished creatures: a young red dragon a vampire lord a black pudding a ghost a queen bee 2 giant mimics a fire elemental 2 giant zombies a winter wolf 2 quantum mechanics a small mimic a warhorse a pyrolisk a large dog a shocking sphere a python a cobra a succubus 3 wolves a lynx a panther 4 leprechauns a lizard an orc-captain a giant spider a horse a vampire bat 2 orc mummies an owlbear a dog a dingo 2 housecats a dust vortex a raven 3 plains centaurs a gnome mummy 5 apes 2 human zombies 2 rope golems 7 fire ants 2 yellow lights 2 imps a baby crocodile 2 wood nymphs 2 orc shamans 3 rock moles 4 rock piercers 3 ponies a fog cloud 3 shriekers a violet fungus a gnomish wizard 2 black naga hatchlings a golden naga hatchling 2 gray oozes an elf zombie a ghoul a straw golem a paper golem 6 giant ants 2 floating eyes 2 kittens a kobold shaman 9 iguanas 4 hill orcs 9 rothes a rabid rat a centipede 3 giant bats 4 dwarf zombies a wererat 14 killer bees a coyote a gas spore 5 hobbits 7 acid blobs 2 large kobolds 6 geckos 3 hobgoblins 11 giant rats 2 cave spiders 3 yellow molds 3 green molds 6 red molds 9 gnomes 11 garter snakes 18 manes 2 gnome zombies 16 jackals 5 foxes 7 kobolds 13 newts 5 goblins 15 sewer rats 6 grid bugs 12 lichens 4 kobold zombies 328 creatures vanquished. Voluntary challenges: You did not cause conflict. You did not have reflection until turn 12192. You were not displaced. You had been an atheist until turn 4413. You used a wielded weapon 516 times, starting on turn 12. You did not apply a unicorn horn. You did not use plumbed fixtures. You did not drink any magical draughts. You read items or engraved 3 times, starting on turn 12769. You never genocided any monsters. You never polymorphed an object. You never changed form. You completed Sokoban on turn 12158, according to the rules. You used 1 wish, starting on turn 8451. You did not wish for any artifacts. You split 1 pudding, starting on turn 14586. You never wrote Elbereth's name. You violated your moral code, losing 3 points of alignment, starting on turn 8714. Dungeon overview: The Dungeons of Doom: levels 1 to 15 Level 1 a fountain a long staircase Level 2 (magic marker in shop) a general store stairs to The Gnomish Mines Level 3 a general store Level 4 a sink Level 5 (eye) Level 6 (water + stash) a potion shop, a sink Level 7 many fountains Level 8 (invisible nyph) some altars to Issek and Kos, a sink stairs to Sokoban Level 9 (vault) a temple to Kos, a fountain, a sink Level 10 Level 11 Level 12 Level 13 Level 14 (quest) Level 15 (rogue) <- You were here The Gnomish Mines: levels 3 to 10 Level 3 stairs to The Dungeons of Doom Level 4 (bones!) Level 5 many shops, a temple to Issek, a magic chest, some fountains Level 6 Level 7 Level 8 Level 9 Level 10 a magic chest, a fountain Sokoban: levels 4 to 7 Level 4 a magic chest Level 5 Level 6 (vampire lord + red dragon) Level 7 a magic chest stairs to The Dungeons of Doom History has recorded: On T:1 you entered the Dungeons of Doom to retrieve the Amulet of Yendor! On T:398 you reached level 2 of The Dungeons of Doom. On T:427 you advanced to experience level 2. On T:499 you reached level 1 of The Gnomish Mines. On T:614 you advanced to experience level 3. On T:675 you advanced to experience level 4. On T:753 you reached level 3 of The Dungeons of Doom. On T:896 you reached level 4 of The Dungeons of Doom. On T:1262 you reached level 5 of The Dungeons of Doom. On T:1633 you reached level 6 of The Dungeons of Doom. On T:2023 you advanced to experience level 5. On T:2599 you reached level 7 of The Dungeons of Doom. On T:2775 you reached level 8 of The Dungeons of Doom. On T:2932 you advanced to experience level 6. On T:3105 you reached level 9 of The Dungeons of Doom. On T:3320 you reached level 4 of Sokoban. On T:3580 you opened a magic chest. On T:3941 you reached level 3 of Sokoban. On T:4042 you advanced to experience level 7. On T:4413 you prayed to Issek. On T:5216 you reached level 2 of The Gnomish Mines. On T:6517 you reached level 3 of The Gnomish Mines. On T:6667 you reached level 4 of The Gnomish Mines. On T:6731 you entered the Minetown temple On T:7275 you reached level 5 of The Gnomish Mines. On T:7911 you reached level 6 of The Gnomish Mines. On T:7947 you reached level 7 of The Gnomish Mines. On T:8350 you advanced to experience level 8. On T:8366 you prayed to Issek. On T:8451 you wished for "+3 blessed greased fixed gray dragon scale mail". On T:8645 you reached level 8 of The Gnomish Mines. On T:8645 you reached the bottom of the Mines. On T:10418 you reached level 2 of Sokoban. On T:11253 you reached level 1 of Sokoban. On T:12158 you advanced to experience level 9. On T:12158 you entered the Sokoban zoo. On T:12708 you reached level 10 of The Dungeons of Doom. On T:13091 you reached level 11 of The Dungeons of Doom. On T:13514 you reached level 12 of The Dungeons of Doom. On T:13982 you reached level 13 of The Dungeons of Doom. On T:14204 you reached level 14 of The Dungeons of Doom. On T:14273 you reached level 15 of The Dungeons of Doom. On T:14273 you entered the Rogue tribute level. Score breakdown: Gold: 1657 ( 165 points) Experience: 9 levels ( 800 points) Exploration: 15 levels ( 420 points) Discoveries: 42 items ( 2000 points) Variety of kills: 97 monsters ( 2000 points) Major goal: Sokoban/Mines ( 1500 points) Survival: died (score multiplied by 3) Total score: 20655 Latest messages: You hit the vampire bat! The vampire bat misses. (2x) You hit the vampire bat! The vampire bat just misses! The vampire bat misses. The vampire bat bites! (2x) You hit the vampire bat! The vampire bat bites! The vampire bat misses. The vampire bat bites! The vampire bat misses. You hit the vampire bat! The vampire bat misses. (2x) You kill the vampire bat! You stop exploring. You hit the air elemental. The air elemental bumps right into you! The air elemental engulfs you! You are pummeled with debris! (2x) You hit the air elemental. You hear some noises. You are pummeled with debris! (3x) You hit the air elemental. You are pummeled with debris! (3x) You hit the air elemental! You are pummeled with debris! (2x) You die... Final status: Goodbye woodfighter the Priestess, killed by an air elemental... You died in The Dungeons of Doom on dungeon level 15 with 20655 points, and 1657 pieces of gold, after 14645 moves. You were level 9 with a maximum of 73 hit points when you died.